 Dungeon Crawl Stone Soup version 0.31.0-12-g77e489cdc1 (webtiles) character file.

Game seed: 4265372726376935142

16 Bobsterar the Changeling (level 2, -1/27 HPs)
             Began as an Octopode Shapeshifter on Mar 7, 2024.
             Succumbed to a kobold's poison
             ... on level 1 of the Dungeon.
             The game lasted 00:00:39 (379 turns).

Bobsterar the Changeling (Octopode Shapeshifter)     Turns: 379, Time: 00:00:40

Health: -1/27      AC: 21    Str: 13    XL:     2   Next: 54%
Magic:  2/2        EV: -1    Int: 12    God:
Gold:   35         SH:  0    Dex: 11    Spells: 1/1 levels left

rFire   . .          .
                       - Unarmed
rCold   . . .        (no shield)
rNeg    . . .        (helmet currently unavailable)
rPois   +            (no amulet)
rElec   .            (no ring)
rCorr   .            (no ring)
SInv    .            (no ring)
Will    .....        (no ring)
Stlth   +            (no ring)
HPRegen 0.24/turn    (no ring)
MPRegen 0.08/turn    (no ring)
                     (no ring)

%: no passive effects
@: lethally poisoned (-1 -> -14), tree-form, constricted
A: stationary, stasis, torment immunity, boosted hp, almost no armour,
(amphibious), 8 rings, (camouflage 1), (gelatinous body 1), (nimble swimmer 1),
(tentacles)
a: no special abilities


You were on level 1 of the Dungeon.
You were a tree.
You visited 1 branch of the dungeon, and saw 1 of its levels.

You collected 35 gold pieces.

Inventory:

Talismans
 b - a beast talisman (active)
 c - a flux talisman
Scrolls
 d - a scroll of blinking {unknown}
 e - a scroll of enchant weapon {unknown}
 f - a scroll of teleportation {unknown}


   Skills:
 + Level 1.2 Fighting
 + Level 2.2 Dodging
 + Level 3.1 Unarmed Combat
 + Level 0.4 Spellcasting
 * Level 3.2 Shapeshifting


You had one spell level left.
You didn't know any spells.
Your spell library was empty.

Dungeon Overview and Level Annotations

Branches:
Dungeon (1/15)

Altars:


Innate Abilities, Weirdness & Mutations

You are a tree.
Your roots penetrate the ground, keeping you stationary.
You cannot be teleported.
You are immune to unholy pain and torment.
Your maximum health is greatly increased.
You cannot wear most types of armour.
((You are amphibious.))
You can wear up to eight rings at the same time.
((Your skin changes colour to match your surroundings (Stealth+).))
((Your rubbery body absorbs attacks. (AC +1, EV +1)))
((You are camouflaged when in or above water. (Stealth+)))
((You have tentacles for arms and can constrict up to eight enemies at once.))


Message History

You tentacle-slap the giant cockroach. You grab the giant cockroach.
You squeeze the giant cockroach.
You kill the giant cockroach!
No target in view!
No target in view!
Items here: ( )) ††.
You see here 8 stones.
A hobgoblin comes into view.
The hobgoblin shouts!
You hear a shout!
You hear an angry hiss.
A kobold comes into view.
It is wielding a +2 short sword of venom.
A ball python comes into view.
You tentacle-slap the hobgoblin.
You kill the hobgoblin!
Found a talisman of death.
You see here a hobgoblin corpse.
You tentacle-slap the kobold. Your grab misses the kobold.
The kobold is severely wounded.
The kobold hits you with a +2 short sword of venom.
You are poisoned.
You barely miss the kobold. You grab the kobold.
The kobold is severely wounded.
You constrict the kobold, but do no damage.
You feel sick.
The kobold hits you with a +2 short sword of venom.
You are lethally poisoned!
You are too injured to fight recklessly!
You are too injured to fight recklessly!
You are too injured to fight recklessly!
You are too injured to fight recklessly!
You tentacle-slap the kobold.
You kill the kobold!
* * * LOW HITPOINT WARNING * * *
You feel very sick. The ball python bites you.
* * * LOW HITPOINT WARNING * * *
The ball python grabs you. The ball python constricts you.
* * * LOW HITPOINT WARNING * * *
Your transformation has ended.
You turn into a tree.
Your roots penetrate the ground.
You die...

#.#.........#
#.#..###....###########
#.#...................#
..#.....(#.#..........#
..##....#.#.[........#
........#.#..........#
...##....#.#.###.######
.>. ##.....#.# #.#
#.#.###.# #♣#
#.#.......S)....#
.###.##.###%# # #.. #..
.... .#.. . ..#


You could see a ball python.

Vanquished Creatures
  A dart slug (D:1)
  2 endoplasms (D:1)
  2 giant cockroaches (D:1)
  A goblin (D:1)
  A hobgoblin (D:1)
  A ball python (D:1)
  2 bats (D:1)
  3 kobolds (D:1)
13 creatures vanquished.

Notes
Turn   | Place    | Note
-------+----------+-------------------------------------------
     0 | D:1      | Bobsterar the Octopode Shapeshifter began the quest for the
                  | Orb.
     0 | D:1      | Reached XP level 1. HP: 13/13 MP: 1/1
    80 | D:1      | Reached XP level 2. HP: 18/18 MP: 2/2
   379 | D:1      | Succumbed to a kobold's poison

Illustrated notes

Levels and vault maps discovered:
D:1:      psy_arrival_conway, layout_basic

Action                     || total
---------------------------++-------
  Melee: Unarmed           ||    25
         Constrict         ||     4
         Tentacles         ||     3
    Use: Potion            ||     1
   Stab: Sleeping          ||     1
 Armour: Skin              ||    15
  Dodge: Dodged            ||    16
   Form: Beast             ||     1
